TOP OF THE 1ST |
South Bend Cubs batting - Pitching for Atlanta (MID) Braves : RHP Jimmy Loudner
|
Pitching: RHP Jimmy Loudner
|
|
Batting: RHB Dan Orozco
|
0-0: Ball 1-0: Called Strike 1-1: Ball 2-1: Swinging Strike 2-2: Foul Ball, location: 2F 2-2: Strikes out swinging
|
Batting: RHB Adrian Cox
|
0-0: Ball 1-0: Ball 2-0: Ball 3-0: Called Strike 3-1: SOLO HOME RUN (Flyball, 78XD, EV 109.4 MPH), Distance : 425 ft
|
Batting: RHB Mike Stein
|
0-0: DOUBLE (Flyball, 78D, EV 106.2 MPH)
|
Batting: RHB David Bousfield
|
0-0: Ball 1-0: Foul Ball, location: 2F 1-1: Ball 2-1: Foul Ball, location: 2F 2-2: Strikes out swinging
|
Batting: RHB Mike Hill
|
0-0: Ball 1-0: SINGLE (Groundball, 34D, EV 95.6 MPH) Mike Stein to third Runner from 3rd tries for Home, throw by RF and OUT! 9-2
|
Top of the 1st over - 1 run, 3 hits, 0 errors, 1 left on base; South Bend 1 - Atlanta (MID) 0 |
BOTTOM OF THE 1ST |
Atlanta (MID) Braves batting - Pitching for South Bend Cubs : RHP Scott Hanson
|
Pitching: RHP Scott Hanson
|
|
Batting: LHB Eric Jackson
|
0-0: Bunted foul 0-1: Ball 1-1: Foul Ball, location: 2F 1-2: SINGLE (Groundball, 6S, EV 66.9 MPH) (infield hit)
|
Batting: RHB Costantino Dolfini
|
0-0: SINGLE (Flyball, 9LS, EV 90.6 MPH) Eric Jackson to second Runner from 2nd tries for 3rd, SAFE, throw by RF made to third
|
Batting: LHB Ricardo Sandoval
|
0-0: Foul Ball, location: 2F 0-1: SINGLE (Groundball, 34D, EV 108.1 MPH) Eric Jackson scores Costantino Dolfini to second Runner from 2nd tries for 3rd, SAFE, throw by RF made at trailing runner, OUT! 9-6
|
Batting: LHB Tamaichi Sasada
|
0-0: 2-RUN HOME RUN (Flyball, 7LD, EV 98.1 MPH), Distance : 376 ft
|
Batting: RHB Nick Holsinger
|
0-0: Ball 1-0: Foul Ball, location: 2F 1-1: Called Strike 1-2: Ball 2-2: Ground out 1-3 (Groundball, 15S, EV 64.4 MPH)
|
Batting: LHB Andres Aldape
|
0-0: Fly out, F7 (Flyball, 7LM, EV 91.9 MPH)
|
Bottom of the 1st over - 3 runs, 4 hits, 0 errors, 0 left on base; South Bend 1 - Atlanta (MID) 3 |
TOP OF THE 2ND |
South Bend Cubs batting - Pitching for Atlanta (MID) Braves : RHP Jimmy Loudner
|
Batting: RHB Josh Burns
|
0-0: Ball 1-0: Ball 2-0: Called Strike 2-1: Called Strike 2-2: Foul Ball, location: 2F 2-2: Foul Ball, location: 2F 2-2: Fly out, F6 (Line Drive, 6, EV 71.2 MPH)
|
Batting: RHB Ryan Bush
|
0-0: Ball 1-0: Foul Ball, location: 2F 1-1: Ball 2-1: Fly out, F7 (Flyball, 7, EV 73.8 MPH)
|
Batting: RHB Victor Ramirez
|
0-0: Called Strike 0-1: Foul Ball, location: 2F 0-2: Strikes out looking
|
Top of the 2nd over - 0 runs, 0 hits, 0 errors, 0 left on base; South Bend 1 - Atlanta (MID) 3 |
BOTTOM OF THE 2ND |
Atlanta (MID) Braves batting - Pitching for South Bend Cubs : RHP Scott Hanson
|
Batting: RHB Alex Campos
|
0-0: Ball 1-0: Called Strike 1-1: Ball 2-1: Ball 3-1: Base on Balls
|
Batting: RHB Adonis Jenifer
|
0-0: Ball 1-0: Ball 2-0: Ball 3-0: Base on Balls Alex Campos to second
|
Pitching: LHP Mike Anderson
|
|
Batting: RHB Gabe Allen
|
0-0: Called Strike 0-1: Called Strike 0-2: Ball 1-2: Strikes out swinging
|
Batting: LHB Eric Jackson
|
0-0: Ball 1-0: Ball 2-0: Called Strike 2-1: SINGLE (Line Drive, 7S, EV 93.8 MPH) Alex Campos to third Adonis Jenifer to second Runner from 3rd tries for Home, throw by LF and OUT! 7-2
|
Batting: RHB Costantino Dolfini
|
0-0: Called Strike 0-1: SINGLE (Flyball, 56D, EV 92.5 MPH) Adonis Jenifer to third Eric Jackson to second Runner from 3rd tries for Home, throw by LF and OUT! 7-2
|
Bottom of the 2nd over - 0 runs, 2 hits, 0 errors, 2 left on base; South Bend 1 - Atlanta (MID) 3 |
TOP OF THE 3RD |
South Bend Cubs batting - Pitching for Atlanta (MID) Braves : RHP Jimmy Loudner
|
Batting: RHB Gilberto Alvarado
|
0-0: Called Strike 0-1: Foul Ball, location: 2F 0-2: Ball 1-2: Foul Ball, location: 2F 1-2: Ball 2-2: Ball 3-2: Strikes out swinging
|
Batting: RHB Dan Orozco
|
0-0: Foul Ball, location: 2F 0-1: Foul Ball, location: 2F 0-2: Foul Ball, location: 2F 0-2: Ball 1-2: Strikes out swinging
|
Batting: RHB Adrian Cox
|
0-0: Called Strike 0-1: Ball 1-1: Called Strike 1-2: Strikes out swinging
|
Top of the 3rd over - 0 runs, 0 hits, 0 errors, 0 left on base; South Bend 1 - Atlanta (MID) 3 |
BOTTOM OF THE 3RD |
Atlanta (MID) Braves batting - Pitching for South Bend Cubs : LHP Mike Anderson
|
Batting: LHB Ricardo Sandoval
|
0-0: Ball 1-0: Ball 2-0: Ball 3-0: Called Strike 3-1: Foul Ball, location: 2F 3-2: Base on Balls
|
Batting: LHB Tamaichi Sasada
|
0-0: Ball 1-0: Ball 2-0: Foul Ball, location: 2F 2-1: 2-RUN HOME RUN (Line Drive, 9D, EV 98.8 MPH), Distance : 367 ft
|
Pitching: RHP Steve Vint
|
|
Batting: RHB Nick Holsinger
|
0-0: SINGLE (Groundball, 56S, EV 53.8 MPH) (infield hit)
|
Batting: LHB Andres Aldape
|
0-0: Ball 1-0: Ball 2-0: Called Strike 2-1: Foul Ball, location: 2F 2-2: Strikes out swinging
|
Batting: RHB Alex Campos
|
0-0: Called Strike 0-1: Foul Ball, location: 2F 0-2: Ball 1-2: Foul Ball, location: 2F 1-2: Ball 2-2: SINGLE (Groundball, 34D, EV 103.8 MPH) Nick Holsinger to second Runner from 2nd tries for 3rd, SAFE, no throw by RF
|
Batting: RHB Adonis Jenifer
|
0-0: Called Strike 0-1: Ball 1-1: Ball Pickoff Throw to First - Out! 1-3 2-1: Ball 3-1: Base on Balls
|
Batting: RHB Gabe Allen
|
0-0: Foul Ball, location: 2F 0-1: Called Strike 0-2: Ball 1-2: Fly out, F4 (Popup, 4S, EV 82.5 MPH)
|
Bottom of the 3rd over - 2 runs, 3 hits, 0 errors, 2 left on base; South Bend 1 - Atlanta (MID) 5 |
TOP OF THE 4TH |
South Bend Cubs batting - Pitching for Atlanta (MID) Braves : RHP Jimmy Loudner
|
Batting: RHB Mike Stein
|
0-0: Called Strike 0-1: Ball 1-1: Ball 2-1: SOLO HOME RUN (Flyball, 78XD, EV 116.9 MPH), Distance : 447 ft
|
Batting: RHB David Bousfield
|
0-0: Ball 1-0: Ball 2-0: Ground out 4-3 (Groundball, 4, EV 87.5 MPH)
|
Batting: RHB Mike Hill
|
0-0: Called Strike 0-1: Ground out 5-3 (Groundball, 5, EV 90.6 MPH)
|
Batting: RHB Josh Burns
|
0-0: Called Strike 0-1: Swinging Strike 0-2: Strikes out swinging
|
Top of the 4th over - 1 run, 1 hit, 0 errors, 0 left on base; South Bend 2 - Atlanta (MID) 5 |
BOTTOM OF THE 4TH |
Atlanta (MID) Braves batting - Pitching for South Bend Cubs : RHP Steve Vint
|
Pitching: RHP Melvin Orengo
|
|
Batting: LHB Eric Jackson
|
0-0: Ball 1-0: Foul Ball, location: 2F 1-1: Ball 2-1: Ball 3-1: Foul Ball, location: 2F 3-2: Ground out 6-3 (Groundball, 56D, EV 96.9 MPH)
|
Batting: RHB Costantino Dolfini
|
0-0: Ball 1-0: SOLO HOME RUN (Flyball, 7D, EV 99.4 MPH), Distance : 372 ft
|
Batting: LHB Ricardo Sandoval
|
0-0: SINGLE (Line Drive, 56, EV 97.5 MPH)
|
Batting: LHB Tamaichi Sasada
|
0-0: Ball 1-0: Foul Ball, location: 2F 1-1: Ball 2-1: Ball 3-1: Base on Balls Ricardo Sandoval to second
|
Batting: RHB Nick Holsinger
|
0-0: Ball 1-0: DOUBLE (Line Drive, 89XD, EV 109.4 MPH) Ricardo Sandoval scores Tamaichi Sasada to third
|
Batting: LHB Andres Aldape
|
0-0: Swinging Strike 0-1: Foul Ball, location: 2F 0-2: Ball 1-2: Ball 2-2: Ball 3-2: Ground out 5-3 (Groundball, 56, EV 105.0 MPH) Tamaichi Sasada scores
|
Pitching: RHP Angel Pesina
|
|
Batting: RHB Alex Campos
|
0-0: Foul Ball, location: 2F 0-1: Foul Ball, location: 2F 0-2: Foul Ball, location: 2F 0-2: Ball 1-2: Strikes out swinging
|
Bottom of the 4th over - 3 runs, 3 hits, 0 errors, 1 left on base; South Bend 2 - Atlanta (MID) 8 |
TOP OF THE 5TH |
South Bend Cubs batting - Pitching for Atlanta (MID) Braves : RHP Jimmy Loudner
|
Batting: RHB Ryan Bush
|
0-0: Foul Ball, location: 2F 0-1: Called Strike 0-2: Ball 1-2: Ball 2-2: Foul Ball, location: 2F 2-2: Ground out 5-3 (Groundball, 56, EV 85.0 MPH)
|
Batting: RHB Victor Ramirez
|
0-0: Ball 1-0: Foul Ball, location: 2F 1-1: Foul Ball, location: 2F 1-2: DOUBLE (Line Drive, 3D, EV 95.0 MPH)
|
Batting: RHB Gilberto Alvarado
|
0-0: Called Strike 0-1: Ball 1-1: Ball 2-1: SINGLE (Line Drive, 78S, EV 111.9 MPH) Victor Ramirez to third
|
Batting: RHB Dan Orozco
|
0-0: Ball Gilberto Alvarado is caught stealing 2nd base 2-4 1-0: Swinging Strike 1-1: Ball 2-1: Foul Ball, location: 2F 2-2: Ball 3-2: Ground out 6-3 (Groundball, 6, EV 85.0 MPH)
|
Top of the 5th over - 0 runs, 2 hits, 0 errors, 1 left on base; South Bend 2 - Atlanta (MID) 8 |
BOTTOM OF THE 5TH |
Atlanta (MID) Braves batting - Pitching for South Bend Cubs : RHP Angel Pesina
|
Batting: RHB Adonis Jenifer
|
0-0: Ball 1-0: Ball 2-0: Ball 3-0: Base on Balls
|
Batting: RHB Gabe Allen
|
0-0: Called Strike 0-1: Grounds into double play, 6-4-3 (Groundball, 6, EV 90.0 MPH)
|
Batting: LHB Eric Jackson
|
0-0: Called Strike 0-1: Foul Ball, location: 2F 0-2: Ball 1-2: Fly out, F7 (Line Drive, 78M, EV 102.5 MPH)
|
Bottom of the 5th over - 0 runs, 0 hits, 0 errors, 0 left on base; South Bend 2 - Atlanta (MID) 8 |
TOP OF THE 6TH |
South Bend Cubs batting - Pitching for Atlanta (MID) Braves : RHP Jimmy Loudner
|
Batting: RHB Adrian Cox
|
0-0: Ball 1-0: Ground out 4-3 (Groundball, 4M, EV 88.8 MPH)
|
Batting: RHB Mike Stein
|
0-0: Called Strike 0-1: Swinging Strike 0-2: Strikes out looking
|
Batting: RHB David Bousfield
|
0-0: Called Strike 0-1: Called Strike 0-2: Ball 1-2: Strikes out looking
|
Top of the 6th over - 0 runs, 0 hits, 0 errors, 0 left on base; South Bend 2 - Atlanta (MID) 8 |
BOTTOM OF THE 6TH |
Atlanta (MID) Braves batting - Pitching for South Bend Cubs : RHP Angel Pesina
|
Batting: RHB Costantino Dolfini
|
0-0: Called Strike 0-1: Ball 1-1: Ball 2-1: Ball 3-1: Base on Balls
|
Pitching: LHP Dusty Blubaugh
|
|
Batting: LHB Ricardo Sandoval
|
0-0: Ball 1-0: Ball 2-0: Ball 3-0: Foul Ball, location: 2F 3-1: Base on Balls Costantino Dolfini to second
|
Batting: LHB Tamaichi Sasada
|
0-0: Called Strike 0-1: Ball 1-1: Ball 2-1: Ball 3-1: Called Strike 3-2: Foul Ball, location: 2F 3-2: Foul Ball, location: 2F 3-2: Foul Ball, location: 2F 3-2: Base on Balls Costantino Dolfini to third Ricardo Sandoval to second
|
Batting: RHB Nick Holsinger
|
0-0: SINGLE (Line Drive, 8LS, EV 99.4 MPH) Costantino Dolfini scores Ricardo Sandoval to third Tamaichi Sasada to second
|
Batting: LHB Andres Aldape
|
0-0: Ball 1-0: Ball 2-0: Foul Ball, location: 2F 2-1: Foul Ball, location: 2F 2-2: DOUBLE (Flyball, 78D, EV 114.4 MPH) Ricardo Sandoval scores Tamaichi Sasada scores Nick Holsinger to third
|
Pitching: RHP Andrew Dopp
|
|
Batting: RHB Alex Campos
|
0-0: Ball 1-0: Called Strike 1-1: Ball 2-1: SINGLE (Line Drive, 8RS, EV 105.0 MPH) Nick Holsinger scores Andres Aldape to third Runner from 3rd tries for Home, SAFE, throw by CF to home
|
Batting: RHB Adonis Jenifer
|
0-0: Called Strike 0-1: Called Strike 0-2: SINGLE (Groundball, 5L, EV 85.6 MPH) (infield hit) Alex Campos to second
|
Batting: RHB Gabe Allen
|
0-0: Foul Ball, location: 2F 0-1: Swinging Strike 0-2: Ball 1-2: Reached on error, E5 (Groundball, 56, EV 91.2 MPH) Alex Campos to third Adonis Jenifer to second
|
Batting: LHB Eric Jackson
|
0-0: Called Strike 0-1: Ball 1-1: Ball 2-1: Foul Ball, location: 2F 2-2: Foul Ball, location: 2F 2-2: Foul Ball, location: 2F 2-2: Ball 3-2: Base on Balls Alex Campos scores Adonis Jenifer to third Gabe Allen to second
|
Pitching: LHP Dave de Wolff
|
|
Batting: RHB Costantino Dolfini
|
0-0: Ball 1-0: Ball 2-0: Called Strike 2-1: Fly out, F5 (Popup, 56S, EV 71.2 MPH)
|
Batting: LHB Ricardo Sandoval
|
0-0: Called Strike 0-1: Ball 1-1: Ball 2-1: Ball 3-1: Foul Ball, location: 2F 3-2: Base on Balls Adonis Jenifer scores Gabe Allen to third Eric Jackson to second
|
Batting: LHB Tamaichi Sasada
|
0-0: Hit by Pitch Gabe Allen scores Eric Jackson to third Ricardo Sandoval to second
|
Batting: RHB Nick Holsinger
|
Balk! Eric Jackson scores Ricardo Sandoval to third Tamaichi Sasada to second 0-0: Ball 1-0: Ball 2-0: Ball 3-0: Base on Balls
|
Batting: LHB Andres Aldape
|
0-0: Ball 1-0: SINGLE (Line Drive, 78S, EV 101.9 MPH) Ricardo Sandoval scores Tamaichi Sasada to third Nick Holsinger to second Runner from 3rd tries for Home, SAFE, throw by LF to home
|
Batting: RHB Alex Campos
|
0-0: Ball 1-0: Swinging Strike 1-1: Called Strike 1-2: Ball 2-2: Foul Ball, location: 2F 2-2: Ball 3-2: Base on Balls Nick Holsinger to third Andres Aldape to second
|
Batting: RHB Adonis Jenifer
|
0-0: Ball 1-0: Foul Ball, location: 2F 1-1: Ball 2-1: Ball 3-1: Base on Balls Nick Holsinger scores Andres Aldape to third Alex Campos to second
|
Batting: RHB Gabe Allen
|
0-0: Foul Ball, location: 2F 0-1: Swinging Strike 0-2: Ball 1-2: Foul Ball, location: 2F 1-2: Fly out, F7 (Flyball, 7, EV 81.2 MPH)
|
Batting: LHB Eric Jackson
|
0-0: Ball 1-0: Foul Ball, location: 2F 1-1: SINGLE (Groundball, 34D, EV 108.8 MPH) (infield hit) Andres Aldape scores Alex Campos to third Adonis Jenifer to second
|
Batting: RHB Costantino Dolfini
|
0-0: Ball 1-0: DOUBLE (Flyball, 8RXD, EV 100.6 MPH) Alex Campos scores Adonis Jenifer scores Eric Jackson to third
|
Batting: LHB Ricardo Sandoval
|
0-0: Ball 1-0: Ball 2-0: Ball 3-0: Called Strike 3-1: Swinging Strike 3-2: Foul Ball, location: 2F 3-2: Base on Balls
|
Batting: LHB Tamaichi Sasada
|
0-0: Ball 1-0: Ball 2-0: SINGLE (Groundball, 34D, EV 97.5 MPH) (infield hit) Eric Jackson scores Costantino Dolfini to third Ricardo Sandoval to second
|
Batting: RHB Nick Holsinger
|
0-0: SINGLE (Line Drive, 8LS, EV 108.1 MPH) Costantino Dolfini scores Ricardo Sandoval to third Tamaichi Sasada to second
|
Batting: LHB Andres Aldape
|
0-0: Called Strike 0-1: SINGLE (Groundball, 56, EV 101.9 MPH) Ricardo Sandoval scores Tamaichi Sasada to third Nick Holsinger to second
|
Batting: RHB Alex Campos
|
0-0: Ball 1-0: Ball 2-0: Foul Ball, location: 2F 2-1: Ball 3-1: Base on Balls Tamaichi Sasada scores Nick Holsinger to third Andres Aldape to second
|
Batting: RHB Adonis Jenifer
|
0-0: Foul Ball, location: 2F 0-1: GRAND SLAM HOME RUN (Flyball, 9LD, EV 94.4 MPH), Distance : 360 ft
|
Batting: RHB Gabe Allen
|
0-0: Hit by Pitch
|
Batting: LHB Eric Jackson
|
0-0: Ground out 4-3 (Groundball, 4, EV 85.0 MPH)
|
Bottom of the 6th over - 23 runs, 11 hits, 1 error, 1 left on base; South Bend 2 - Atlanta (MID) 31 |
TOP OF THE 7TH |
South Bend Cubs batting - Pitching for Atlanta (MID) Braves : RHP Jimmy Loudner
|
Batting: RHB Mike Hill
|
0-0: Called Strike 0-1: Ball 1-1: Ball 2-1: Called Strike 2-2: Ball 3-2: Strikes out swinging
|
Pitching: RHP Seriozha Darzinsh
|
|
Batting: RHB Josh Burns
|
0-0: Ball 1-0: Foul Ball, location: 2F 1-1: Foul Ball, location: 2F 1-2: Ball 2-2: Fly out, F8 (Line Drive, 8LM, EV 94.4 MPH)
|
Batting: RHB Ryan Bush
|
0-0: Ball 1-0: Swinging Strike 1-1: Foul Ball, location: 2F 1-2: Foul Ball, location: 2F 1-2: Strikes out swinging
|
Top of the 7th over - 0 runs, 0 hits, 0 errors, 0 left on base; South Bend 2 - Atlanta (MID) 31 |
BOTTOM OF THE 7TH |
Atlanta (MID) Braves batting - Pitching for South Bend Cubs : LHP Dave de Wolff
|
Batting: RHB Costantino Dolfini
|
0-0: Foul Ball, location: 2F 0-1: Ball 1-1: Called Strike 1-2: Ball 2-2: Foul Ball, location: 2F 2-2: Ball 3-2: Foul Ball, location: 2F 3-2: Base on Balls
|
Batting: LHB Ricardo Sandoval
|
0-0: Swinging Strike 0-1: Fielders Choice at 2nd, 4-6 (Groundball, 13, EV 80.0 MPH)
|
Batting: LHB Tamaichi Sasada
|
0-0: Foul Ball, location: 2F 0-1: Ball 1-1: Ball Pickoff Throw by Catcher to First - Out! 2-1: Ball 3-1: Swinging Strike 3-2: Base on Balls
|
Batting: RHB Nick Holsinger
|
0-0: Foul Ball, location: 2F 0-1: Ball 1-1: Fly out, F9 (Line Drive, 9, EV 109.4 MPH)
|
Bottom of the 7th over - 0 runs, 0 hits, 0 errors, 1 left on base; South Bend 2 - Atlanta (MID) 31 |
TOP OF THE 8TH |
South Bend Cubs batting - Pitching for Atlanta (MID) Braves : RHP Seriozha Darzinsh
|
Batting: RHB Victor Ramirez
|
0-0: Ball 1-0: Ball 2-0: Called Strike 2-1: DOUBLE (Line Drive, 7LD, EV 110.0 MPH)
|
Batting: RHB Gilberto Alvarado
|
0-0: Foul Ball, location: 2F 0-1: Ball 1-1: Ball 2-1: Called Strike 2-2: Ball 3-2: Strikes out swinging
|
Batting: RHB Dan Orozco
|
0-0: Foul Ball, location: 2F 0-1: Ball 1-1: Ball 2-1: Called Strike 2-2: Fly out, F8 (Line Drive, 8RM, EV 100.0 MPH)
|
Batting: RHB Adrian Cox
|
0-0: Ball 1-0: Foul Ball, location: 2F 1-1: Ball 2-1: Swinging Strike 2-2: Foul Ball, location: 2F 2-2: Strikes out looking
|
Top of the 8th over - 0 runs, 1 hit, 0 errors, 1 left on base; South Bend 2 - Atlanta (MID) 31 |
BOTTOM OF THE 8TH |
Atlanta (MID) Braves batting - Pitching for South Bend Cubs : LHP Dave de Wolff
|
Batting: LHB Andres Aldape
|
0-0: Ball 1-0: Fly out, F7 (Flyball, 7LS, EV 96.9 MPH)
|
Batting: RHB Alex Campos
|
0-0: Called Strike 0-1: Ball 1-1: Ball 2-1: Swinging Strike 2-2: Strikes out swinging
|
Batting: RHB Adonis Jenifer
|
0-0: Ball 1-0: Ground out 5-3 (Groundball, 56, EV 84.4 MPH)
|
Bottom of the 8th over - 0 runs, 0 hits, 0 errors, 0 left on base; South Bend 2 - Atlanta (MID) 31 |
TOP OF THE 9TH |
South Bend Cubs batting - Pitching for Atlanta (MID) Braves : RHP Seriozha Darzinsh
|
Batting: RHB Mike Stein
|
0-0: Called Strike 0-1: Ball 1-1: Ground out 5-3 (Groundball, 56S, EV 84.4 MPH)
|
Batting: RHB David Bousfield
|
0-0: Foul Ball, location: 2F 0-1: Ball 1-1: Foul Ball, location: 2F 1-2: Foul Ball, location: 2F 1-2: Ball 2-2: Foul Ball, location: 2F 2-2: Strikes out swinging
|
Batting: RHB Mike Hill
|
0-0: Called Strike 0-1: Foul Ball, location: 2F 0-2: Ball 1-2: SOLO HOME RUN (Flyball, 78XD, EV 108.1 MPH), Distance : 405 ft
|
Batting: RHB Josh Burns
|
0-0: Foul Ball, location: 2F 0-1: Foul Ball, location: 2F 0-2: Ground out 5-3 (Groundball, 56, EV 103.1 MPH)
|
Top of the 9th over - 1 run, 1 hit, 0 errors, 0 left on base; South Bend 3 - Atlanta (MID) 31 |
|